[Event "M11"]
[Site "?"]
[Date "2023.07.25"]
[Round "4"]
[White "Adelmeyer, Matti"]
[Black "Novotny, David"]
[Result "0-1"]
[ECO "B22"]
[WhiteElo "1944"]
[BlackElo "2034"]
[Annotator ",martin-koller@seznam"]
[PlyCount "106"]
[TimeControl "240+2"]

{600MB, Fritz10.ctg} 1. e4 c5 2. c3 Nf6 3. e5 Nd5 4. d4 cxd4 5. Bc4 Nb6 6. Bb3
d6 7. exd6 Qxd6 8. Qf3 Qf6 9. cxd4 Nc6 10. Qxf6 gxf6 11. Ne2 Be6 12. Nbc3 Bxb3
13. axb3 O-O-O 14. Be3 f5 15. O-O Bg7 16. Rfd1 e6 17. b4 Nc4 18. b5 Nb4 19.
Rxa7 Nxb2 20. Rb1 N4d3 21. Nf4 Nxf4 22. Rxb2 Ng6 23. Ne2 f4 24. Nxf4 Bxd4 25.
Ra8+ Kc7 26. Rc2+ Kb6 27. Rxd8 Rxd8 28. Nxg6 Bxe3 29. fxe3 hxg6 30. Kf2 Rd5 31.
e4 Rxb5 32. Ke3 Rc5 33. Rb2+ Kc6 34. Kd4 b5 35. Rf2 f5 36. exf5 exf5 37. Re2
Rd5+ 38. Kc3 Rc5+ 39. Kd4 Rd5+ 40. Kc3 Kd6 41. h4 Re5 42. Rd2+ Kc5 43. Kb2 Re3
44. Rf2 Re5 45. g3 Kc4 46. Rc2+ Kd5 47. Rd2+ Ke6 48. Rd3 Rd5 49. Rc3 Ke5 50.
Rc6 Rd6 51. Rc5+ Ke6 52. Rxb5 Rd2+ 53. Kc1 Rd3 0-1

[Event "K11"]
[Site "?"]
[Date "2023.07.25"]
[Round "4"]
[White "Thomasson, Staffan"]
[Black "Marsalek, Lubos"]
[Result "1/2-1/2"]
[ECO "A25"]
[WhiteElo "1740"]
[BlackElo "1883"]
[Annotator ",martin-koller@seznam"]
[PlyCount "60"]
[TimeControl "240+2"]

{600MB, Fritz10.ctg} 1. c4 e5 2. g3 Nc6 3. Bg2 d6 4. Nc3 Nf6 5. e3 Be6 6. Nd5
Be7 7. Ne2 O-O 8. O-O Rb8 9. d4 exd4 10. exd4 Bxd5 11. cxd5 Nb4 12. Qb3 c5 13.
dxc5 dxc5 14. Bf4 Bd6 15. a3 Na6 16. Rad1 b5 17. Bxd6 Qxd6 18. Qf3 Rfe8 19. Qf4
Rbd8 20. Qxd6 Rxd6 21. Nc3 Nc7 22. Rfe1 Rxe1+ 23. Rxe1 Kf8 24. Ne4 Nxe4 25.
Bxe4 g6 26. g4 a5 27. f4 f6 28. Kf2 Kf7 29. Rd1 Ke7 30. h4 Kf7 1/2-1/2

[Event "K11"]
[Site "?"]
[Date "2023.07.25"]
[Round "4"]
[White "Tesar, Jakub"]
[Black "Petras, Milan"]
[Result "1-0"]
[ECO "D45"]
[WhiteElo "1888"]
[BlackElo "1886"]
[Annotator ",martin-koller@seznam"]
[PlyCount "58"]
[TimeControl "240+2"]

{600MB, Fritz10.ctg} 1. Nf3 Nf6 2. c4 c6 3. d4 d5 4. Nc3 e6 5. e3 Nbd7 6. Qc2
Bd6 7. cxd5 exd5 8. Bd3 O-O 9. O-O Re8 10. h3 Nf8 11. Rb1 Qe7 12. Nd2 g6 13. e4
dxe4 14. Ndxe4 Ne6 15. Be3 Nd5 16. Nxd5 cxd5 17. Nc3 Nc7 18. Qb3 Be6 19. Be2
Qd7 20. Bf3 Bxh3 21. Nxd5 Nxd5 22. Qxd5 Be6 23. Qxb7 Qxb7 24. Bxb7 Rab8 25. Bc6
Rec8 26. d5 Bf5 27. Bxa7 Rb4 28. Ra1 Rxb2 29. Bd4 Rb4 neÄ�itelnÃ© 1-0

[Event "K11"]
[Site "?"]
[Date "2023.07.25"]
[Round "4"]
[White "Schoenmakers, Nico"]
[Black "Spindler, Markus"]
[Result "1-0"]
[ECO "B80"]
[WhiteElo "1839"]
[BlackElo "1885"]
[Annotator ",martin-koller@seznam"]
[PlyCount "109"]
[TimeControl "240+2"]

{600MB, Fritz10.ctg} 1. e4 c5 2. Nf3 d6 3. d4 cxd4 4. Nxd4 Nf6 5. Nc3 a6 6. Be3
e6 7. f3 Be7 8. Qd2 O-O 9. O-O-O Qc7 10. g4 h6 11. h4 Nfd7 12. h5 Nc6 13. Nxc6
Qxc6 14. g5 hxg5 15. Bxg5 f6 16. Bf4 Ne5 17. Qg2 Qe8 18. Rg1 Rf7 19. Bh6 Bf8
20. f4 Nc6 21. Rd3 Rc7 22. Rg3 g5 23. Bxf8 Qxf8 24. fxg5 f5 25. exf5 Qxf5 26.
Bd3 Qf4+ 27. Qd2 Qxd2+ 28. Kxd2 Ne5 29. Ne4 Bd7 30. Nf6+ Kh8 31. g6 Kg7 32.
Nxd7 Rxd7 33. Be2 Rh8 34. b3 b5 35. Bd1 Nc6 36. Rf1 Ne5 37. Re3 Re7 38. Re4 Rh6
39. a4 Nxg6 40. hxg6 Rxg6 41. axb5 axb5 42. Rg4 d5 43. Rxg6+ Kxg6 44. Kc3 e5
45. Kb4 Rb7 46. Kc5 d4 47. Kd5 Re7 48. Ke4 b4 49. Be2 Rh7 50. Bd3 Rh5 51. Ra1
Kf6 52. Ra6+ Ke7 53. Kd5 Kd7 54. Rd6+ Kc7 55. Re6 1-0

[Event "K11"]
[Site "?"]
[Date "2023.07.25"]
[Round "4"]
[White "Ivanecka, Natalia"]
[Black "Vesely, Jaromir"]
[Result "1/2-1/2"]
[ECO "A84"]
[WhiteElo "1794"]
[BlackElo "1895"]
[Annotator ",martin-koller@seznam"]
[PlyCount "138"]
[TimeControl "240+2"]

{600MB, Fritz10.ctg} 1. d4 e6 2. c4 d5 3. Nc3 f5 4. Nf3 Nf6 5. Bf4 c6 6. e3 Bd6
7. Bxd6 Qxd6 8. Bd3 O-O 9. Qc2 Ne4 10. c5 Qc7 11. Ne5 Nd7 12. Nxd7 Bxd7 13. f3
Nf6 14. O-O f4 15. e4 e5 16. Qf2 Rae8 17. Rfe1 dxe4 18. Bxe4 Re7 19. Rad1 Rfe8
20. Re2 exd4 21. Qxd4 Be6 22. Rde1 Rd7 23. Qf2 Bf7 24. Qh4 Red8 25. Bf5 Rd2 26.
Ne4 Nxe4 27. Bxh7+ Kf8 28. Rxe4 Rd1 29. Bf5 Rxe1+ 30. Rxe1 Bg8 31. Bg6 b6 32.
Qg5 Bf7 33. Qf5 Kg8 34. Bh7+ Kf8 35. h4 bxc5 36. Qxc5+ Qd6 37. Qxd6+ Rxd6 38.
Be4 Bxa2 39. Ra1 Bd5 40. Bxd5 cxd5 41. Rxa7 d4 42. Kf1 d3 43. Ke1 Rg6 44. Kd2
Rxg2+ 45. Kxd3 Rxb2 46. Ra4 g6 47. Rxf4+ Kg7 48. Ke3 Rb5 49. Rg4 Kf6 50. Kf4
Rb4+ 51. Kg3 Rb5 52. Rf4+ Kg7 53. Kg4 Ra5 54. Rc4 Rb5 55. Rc1 Ra5 56. Rh1 Ra4+
57. f4 Ra5 58. Re1 Kf6 59. Re5 Ra6 60. h5 gxh5+ 61. Rxh5 Kf7 62. f5 Rb6 63.
Rh7+ Kf8 64. Kg5 Ra6 65. Rb7 Rc6 66. Rd7 Ra6 67. Kf4 Rb6 68. Ke5 Ra6 69. f6 Ra1
1/2-1/2

[Event "M11"]
[Site "?"]
[Date "2023.07.25"]
[Round "5"]
[White "Novotny, David"]
[Black "Hentzgen, Thomas"]
[Result "1-0"]
[ECO "B33"]
[WhiteElo "2034"]
[BlackElo "2004"]
[Annotator ",martin-koller@seznam"]
[PlyCount "75"]
[TimeControl "240+2"]

{600MB, Fritz10.ctg} 1. e4 c5 2. Nf3 Nc6 3. d4 cxd4 4. Nxd4 Nf6 5. Nc3 e5 6.
Ndb5 d6 7. Bg5 a6 8. Na3 b5 9. Bxf6 gxf6 10. Nd5 Bg7 11. c3 f5 12. exf5 Bxf5
13. Nc2 O-O 14. Nce3 Be6 15. Bd3 f5 16. Qh5 Qd7 17. g4 e4 18. Bc2 Qf7 19. Qxf7+
Rxf7 20. Nf4 Bc4 21. gxf5 Re8 22. O-O-O Bxa2 23. Rxd6 Be5 24. Rxc6 Bxf4 25. b3
Rxf5 26. Rxa6 Rc8 27. Rg1+ Kf8 28. Kb2 Bxe3 29. fxe3 Rfc5 30. Rf1+ Kg8 31. Rxa2
Rxc3 32. Bxe4 Rxe3 33. Bd5+ Kg7 34. Ra7+ Kg6 35. Rg1+ Kh6 36. Ra6+ Kh5 37. Bf7+
Kh4 38. Rh6# 1-0

[Event "M11"]
[Site "?"]
[Date "2023.07.25"]
[Round "5"]
[White "Aubrecht, Petr"]
[Black "Hozda, Max"]
[Result "1/2-1/2"]
[ECO "A03"]
[WhiteElo "1985"]
[BlackElo "1986"]
[Annotator ",martin-koller@seznam"]
[PlyCount "47"]
[TimeControl "240+2"]

{600MB, Fritz10.ctg} 1. b3 d5 2. Bb2 Nf6 3. e3 c5 4. f4 g6 5. Nf3 Bg7 6. Bb5+
Bd7 7. Bxd7+ Qxd7 8. O-O O-O 9. d3 Nc6 10. Qe1 b5 11. Ne5 Qe6 12. Nxc6 Qxc6 13.
Nd2 c4 14. Nf3 Rac8 15. Bd4 Nd7 16. Qa5 a6 17. bxc4 dxc4 18. a4 cxd3 19. cxd3
Bxd4 20. Nxd4 Qc3 21. Qxc3 Rxc3 22. axb5 axb5 23. Nxb5 Rxd3 24. Rfd1 1/2-1/2

[Event "M11"]
[Site "?"]
[Date "2023.07.25"]
[Round "5"]
[White "Hansch, Torsten"]
[Black "Adelmeyer, Matti"]
[Result "1/2-1/2"]
[ECO "A87"]
[WhiteElo "2079"]
[BlackElo "1944"]
[Annotator ",martin-koller@seznam"]
[PlyCount "41"]
[TimeControl "240+2"]

{600MB, Fritz10.ctg} 1. d4 f5 2. c4 Nf6 3. g3 g6 4. Bg2 Bg7 5. Nf3 O-O 6. Nc3
d6 7. O-O Qe8 8. b3 e5 9. dxe5 dxe5 10. e4 fxe4 11. Ng5 Bg4 12. Qe1 Qe7 13.
Ngxe4 Nc6 14. Bg5 Qf7 15. Bxf6 Bxf6 16. h3 Bf5 17. Nxf6+ Qxf6 18. Ne4 Qe7 19.
Rd1 Nd4 20. Qe3 Rad8 21. Kh2 1/2-1/2

[Event "K11"]
[Site "?"]
[Date "2023.07.25"]
[Round "5"]
[White "Fitzke, Ulrich"]
[Black "Thomasson, Staffan"]
[Result "1/2-1/2"]
[ECO "D04"]
[WhiteElo "1796"]
[BlackElo "1740"]
[Annotator ",martin-koller@seznam"]
[PlyCount "69"]
[TimeControl "240+2"]

{600MB, Fritz10.ctg} 1. d4 c5 2. e3 Nf6 3. Nf3 d5 4. Be2 Nc6 5. O-O Bg4 6. c3
e6 7. b3 Bd6 8. Bb2 O-O 9. Nbd2 Rc8 10. Rc1 cxd4 11. cxd4 Qa5 12. a3 b5 13. b4
Qb6 14. Nb3 a5 15. bxa5 Nxa5 16. Nxa5 Qxa5 17. Qb3 b4 18. axb4 Qxb4 19. Qxb4
Bxb4 20. h3 Bf5 21. Ne5 Bd2 22. Rc6 Ra8 23. Bc3 Bxc3 24. Rxc3 Ra2 25. Bd3 Bxd3
26. Nxd3 Ne4 27. Rc7 h5 28. Nc5 Nd2 29. Rc1 Rb8 30. Nd3 Nc4 31. h4 Rb3 32. Rd1
Raa3 33. Nc5 Rb2 34. Rb7 Re2 35. Nd3 1/2-1/2

[Event "K11"]
[Site "?"]
[Date "2023.07.25"]
[Round "5"]
[White "Marsalek, Lubos"]
[Black "Schoenmakers, Nico"]
[Result "1/2-1/2"]
[ECO "A14"]
[WhiteElo "1883"]
[BlackElo "1839"]
[Annotator ",martin-koller@seznam"]
[PlyCount "50"]
[TimeControl "240+2"]

{600MB, Fritz10.ctg} 1. c4 e6 2. Nf3 d5 3. g3 c6 4. b3 Nf6 5. Bb2 Be7 6. Bg2
O-O 7. O-O a5 8. d4 a4 9. c5 axb3 10. axb3 Rxa1 11. Bxa1 Ne4 12. Nc3 f5 13. b4
Nd7 14. e3 Bf6 15. Nxe4 fxe4 16. Ne5 Qc7 17. f4 exf3 18. Nxf3 e5 19. Bh3 e4 20.
Be6+ Kh8 21. Bxd7 Qxd7 22. Ne5 Qe8 23. Bc3 Bh3 24. Rf2 Kg8 25. Qe2 Bd8 1/2-1/2

[Event "K11"]
[Site "?"]
[Date "2023.07.25"]
[Round "5"]
[White "Vesely, Jaromir"]
[Black "Tesar, Jakub"]
[Result "1/2-1/2"]
[ECO "E47"]
[WhiteElo "1895"]
[BlackElo "1888"]
[Annotator ",martin-koller@seznam"]
[PlyCount "47"]
[TimeControl "240+2"]

{600MB, Fritz10.ctg} 1. d4 Nf6 2. c4 e6 3. Nc3 Bb4 4. e3 O-O 5. Bd3 b6 6. Nge2
Bb7 7. f3 d5 8. a3 Bxc3+ 9. bxc3 Nbd7 10. O-O c5 11. Ng3 e5 12. Bb2 Re8 13. Qd2
e4 14. Be2 Qe7 15. f4 cxd4 16. cxd4 Rac8 17. Rac1 dxc4 18. Bxc4 Nd5 19. Ba2
N7f6 20. Rxc8 Rxc8 21. Rc1 Qf8 22. Rxc8 Qxc8 23. Bb1 Ne7 24. Qc2 neÄ�itelnÃ© 1/2-1/2

[Event "M11"]
[Site "?"]
[Date "2023.07.25"]
[Round "5"]
[White "Hartwig, Maik"]
[Black "Hajek, Zdenek"]
[Result "1-0"]
[ECO "A46"]
[WhiteElo "2040"]
[BlackElo "1994"]
[Annotator ",martin-koller@seznam"]
[PlyCount "125"]
[TimeControl "240+2"]

{600MB, Fritz10.ctg} 1. d4 c6 2. Nf3 Nf6 3. Bf4 Qb6 4. Qc1 Nh5 5. Be3 g6 6. c4
Bg7 7. Nc3 d6 8. h3 O-O 9. g4 Nf6 10. Bg2 Nbd7 11. O-O d5 12. g5 Ne4 13. cxd5
Nxc3 14. bxc3 cxd5 15. Bf4 Qa6 16. Re1 Nb6 17. e4 e6 18. Bd6 Rd8 19. e5 Nc4 20.
Bf1 Qc6 21. Bxc4 Qxc4 22. Qe3 b6 23. Nd2 Qa4 24. Reb1 Ba6 25. Rb3 Qc6 26. a4
Rdc8 27. a5 Bc4 28. Rb4 Bf8 29. Nxc4 dxc4 30. Bxf8 Kxf8 31. Qf4 b5 32. f3 Rab8
33. Qe4 Qd7 34. Rab1 Rc7 35. R1b2 Rcb7 36. h4 Qd5 37. Qf4 Qd8 38. Ra2 Rc8 39.
h5 gxh5 40. Qe4 Qd5 41. Qxh7 Ke7 42. Qxh5 Rbb8 43. Qg4 Rh8 44. Rh2 Rxh2 45.
Kxh2 Rg8 46. Qf4 a6 47. Rb1 Ke8 48. Ra1 Rg6 49. Kg3 Qd8 50. Kg4 Rg8 51. Qf6
Qxf6 52. exf6 Rh8 53. Kf4 Rh2 54. Ke5 Kd7 55. Re1 Rc2 56. Re3 Ra2 57. d5 exd5
58. Kxd5 Rd2+ 59. Kc5 Kd8 60. Kc6 Rd7 61. Re1 Rc7+ 62. Kb6 Rd7 63. Kxa6 1-0

[Event "K11"]
[Site "?"]
[Date "2023.07.25"]
[Round "5"]
[White "Spindler, Markus"]
[Black "IvaneckÃ¡, NatÃ¡lia"]
[Result "0-1"]
[ECO "C54"]
[WhiteElo "1885"]
[BlackElo "1794"]
[Annotator ",martin-koller@seznam"]
[PlyCount "160"]
[TimeControl "240+2"]

{600MB, Fritz10.ctg} 1. e4 e5 2. Nf3 Nc6 3. Bc4 Bc5 4. c3 Nf6 5. d3 h6 6. O-O
d6 7. h3 O-O 8. Be3 Bb6 9. Nbd2 Na5 10. b4 Nxc4 11. Nxc4 Be6 12. Nxb6 axb6 13.
a4 Ra6 14. Qc2 Qe7 15. c4 Rfa8 16. Ra3 Qe8 17. Rfa1 Bd7 18. b5 R6a7 19. Qc3 Ra5
20. Qb2 Be6 21. Nd2 Rc8 22. f4 exf4 23. Bxf4 Nd7 24. d4 f6 25. Rg3 Qh5 26. d5
Bf7 27. Nb3 Raa8 28. Nd4 Kh7 29. Nf5 Rg8 30. Qc2 Nc5 31. Rg4 g5 32. Be3 Rge8
33. Bxc5 dxc5 34. Qc3 Qg6 35. Qc2 Re5 36. Rf1 Rae8 37. Nh4 Qg7 38. Nf3 R5e7 39.
Re1 Bg6 40. Nd2 Kh8 41. Rg3 f5 42. Rge3 fxe4 43. Kh1 Qd4 44. Nb3 Qf6 45. Qe2 c6
46. Rf1 Qd6 47. Qb2+ Re5 48. Qf2 cxd5 49. cxd5 Rxd5 50. Qf6+ Kh7 51. a5 c4 52.
Nc1 Qxf6 53. Rxf6 Rd1+ 54. Kh2 Rxc1 55. Rxb6 Re7 56. a6 bxa6 57. bxa6 Ra1 58.
Rc6 Ra7 59. Rxc4 R1xa6 60. Rcc3 Rd6 61. h4 gxh4 62. Kh3 Rad7 63. Kxh4 Rd3 64.
Kg4 Rxe3 65. Rxe3 Rd2 66. g3 Kg7 67. Rc3 Rd6 68. Kf4 Kf6 69. g4 Re6 70. Re3 Rc6
71. Ra3 Ke6 72. g5 hxg5+ 73. Kxg5 Ke5 74. Kg4 Bf7 75. Kg3 Kd4 76. Kf2 Rf6+ 77.
Ke2 Bc4+ 78. Ke1 Rf1+ 79. Kd2 e3+ 80. Rxe3 Rf2+ 0-1

[Event "M11"]
[Site "?"]
[Date "2023.07.26"]
[Round "6"]
[White "Hansch, Torsten"]
[Black "Aubrecht, Patr"]
[Result "0-1"]
[ECO "A58"]
[WhiteElo "2079"]
[BlackElo "1985"]
[Annotator ",martin-koller@seznam"]
[PlyCount "96"]
[TimeControl "240+2"]

{600MB, Fritz10.ctg} 1. d4 Nf6 2. c4 c5 3. d5 b5 4. cxb5 a6 5. bxa6 Bxa6 6. Nc3
g6 7. e4 d6 8. Nf3 Bg7 9. Bxa6 Rxa6 10. O-O O-O 11. Qe2 Qb6 12. a4 Nbd7 13. h3
Rfa8 14. Ra3 Ne8 15. Qc2 Ne5 16. Nxe5 Bxe5 17. b3 Nc7 18. Bb2 Ra5 19. Rfa1 Rb8
20. Nd1 Bxb2 21. Nxb2 Qb4 22. Nc4 Ra7 23. Qd2 Qxd2 24. Nxd2 Na6 25. Rc1 Nb4 26.
Rc3 e6 27. dxe6 fxe6 28. Ra1 Rc8 29. Re1 Kf7 30. Kf1 Ke7 31. h4 Nc6 32. Nf3 e5
33. Ke2 Rb8 34. Kd2 Rab7 35. Kc2 Nd4+ 36. Nxd4 exd4 37. Rf3 c4 38. e5 d5 39.
bxc4 dxc4 40. Rc1 Rb2+ 41. Kd1 c3 42. Rd3 R8b4 43. Rc2 Ke6 44. f4 Kf5 45. Rf3
Ke4 46. e6 Rb1+ 47. Rc1 R4b2 48. Rxb1 c2+ 0-1

[Event "M11"]
[Site "?"]
[Date "2023.07.26"]
[Round "6"]
[White "Adelmeyer, Matti"]
[Black "Hentzgen, Thomas"]
[Result "1-0"]
[ECO "B22"]
[WhiteElo "1944"]
[BlackElo "2004"]
[Annotator ",martin-koller@seznam"]
[PlyCount "77"]
[TimeControl "240+2"]

{600MB, Fritz10.ctg} 1. e4 c5 2. c3 Nf6 3. e5 Nd5 4. d4 cxd4 5. Bc4 Nb6 6. Bb3
Nc6 7. Nf3 g6 8. O-O Bg7 9. cxd4 O-O 10. Bf4 Na5 11. Nc3 Nbc4 12. Rc1 d5 13.
Qe2 Nxb3 14. axb3 Nb6 15. Nb5 Bg4 16. Rfd1 Qd7 17. Rc7 Qf5 18. Be3 Bxf3 19.
gxf3 Rfc8 20. Rxe7 Rc2 21. Qd3 Qxd3 22. Rxd3 Bf8 23. Rxb7 a6 24. Rxb6 axb5 25.
Rxb5 Rxb2 26. Rxd5 h5 27. Rc3 h4 28. Kg2 Bb4 29. Rc7 Be1 30. Rc1 h3+ 31. Kxh3
Bxf2 32. Bg5 Rxb3 33. Kg4 Be3 34. Bxe3 Rxe3 35. Rd7 Raa3 36. Rf1 Re2 37. Kg3
Rd3 38. h4 Red2 39. e6 1-0

[Event "M11"]
[Site "?"]
[Date "2023.07.26"]
[Round "6"]
[White "Hajek, Zdenek"]
[Black "Novotny, David"]
[Result "0-1"]
[ECO "C01"]
[WhiteElo "1994"]
[BlackElo "2034"]
[Annotator ",martin-koller@seznam"]
[PlyCount "46"]
[TimeControl "240+2"]

{600MB, Fritz10.ctg} 1. e4 e6 2. d4 d5 3. Bd3 Nf6 4. e5 Nfd7 5. Be3 c5 6. c3
Nc6 7. Ne2 Qb6 8. Na3 c4 9. Bc2 Qxb2 10. Bc1 Qxa1 11. Bb1 Ndxe5 12. dxe5 Nxe5
13. O-O Nd3 14. Qd2 b5 15. Bxd3 cxd3 16. Nd4 b4 17. Nab5 Rb8 18. Nc7+ Kd8 19.
Nb3 Qxc3 20. Qf4 Qxc7 21. Qxc7+ Kxc7 22. Bf4+ Bd6 23. Rc1+ Kd7 0-1

[Event "M11"]
[Site "?"]
[Date "2023.07.26"]
[Round "6"]
[White "Hozda, Max"]
[Black "Doring, Robert"]
[Result "1-0"]
[ECO "A52"]
[WhiteElo "1986"]
[BlackElo "2142"]
[Annotator ",martin-koller@seznam"]
[PlyCount "45"]
[TimeControl "240+2"]

{600MB, Fritz10.ctg} 1. d4 Nf6 2. c4 e5 3. dxe5 Ng4 4. Nf3 Bc5 5. e3 Nc6 6. Be2
O-O 7. O-O Ngxe5 8. Nbd2 d6 9. a3 a5 10. Nxe5 Nxe5 11. Ne4 b6 12. Bd2 a4 13.
Nxc5 bxc5 14. f4 Nc6 15. Bd3 f5 16. Rf3 Be6 17. Rh3 Qe8 18. Qe1 g6 19. Bc3 Qf7
20. Qh4 Na5 21. Rf1 Bxc4 22. Bxf5 Bxf1 23. Be6 1-0

[Event "M11"]
[Site "?"]
[Date "2023.07.26"]
[Round "6"]
[White "Hansch, Stephen"]
[Black "Hartwig, Maik"]
[Result "1-0"]
[ECO "A42"]
[WhiteElo "2123"]
[BlackElo "2040"]
[Annotator ",martin-koller@seznam"]
[PlyCount "63"]
[TimeControl "240+2"]

{600MB, Fritz10.ctg} 1. d4 g6 2. e4 Bg7 3. c4 d6 4. Nc3 Nc6 5. d5 Nd4 6. Nge2
c5 7. Be3 Qb6 8. Na4 Qa5+ 9. Bd2 Qd8 10. Bc3 Bg4 11. f3 Bxf3 12. gxf3 Nxf3+ 13.
Kf2 Ne5 14. Ng3 h5 15. Be2 Qd7 16. h3 h4 17. Nf1 f5 18. Ne3 Nh6 19. exf5 Nxf5
20. Bg4 O-O 21. Bxe5 Bxe5 22. Bxf5 Rxf5+ 23. Ke2 Raf8 24. Rf1 Bd4 25. Nxf5 Rxf5
26. Nc3 Rg5 27. Rf3 Rg1 28. Qxg1 Bxg1 29. Rxg1 Kg7 30. Rg4 e6 31. Rgf4 Qe8 32.
Rf8 1-0

[Event "K11"]
[Site "?"]
[Date "2023.07.26"]
[Round "6"]
[White "Ivanecka, Natalia"]
[Black "Marsalek, Lubos"]
[Result "1-0"]
[ECO "D36"]
[WhiteElo "1794"]
[BlackElo "1883"]
[Annotator ",martin-koller@seznam"]
[PlyCount "49"]
[TimeControl "240+2"]

{600MB, Fritz10.ctg} 1. d4 d5 2. c4 e6 3. cxd5 exd5 4. Nc3 Nf6 5. Bg5 Be7 6. e3
O-O 7. Bd3 h6 8. Bh4 Re8 9. Nge2 c6 10. O-O Nbd7 11. Qc2 Ne4 12. Bxe7 Qxe7 13.
Nf4 Ndf6 14. Rae1 Qd6 15. f3 Ng5 16. Qd2 Bd7 17. Bb1 Rad8 18. e4 dxe4 19. fxe4
Qb4 20. Qd3 Bc8 21. e5 Rxd4 22. exf6 Rxd3 23. Rxe8+ Qf8 24. Rxf8+ Kxf8 25.
fxg7+ 1-0

[Event "K11"]
[Site "?"]
[Date "2023.07.26"]
[Round "6"]
[White "Fitzke, Ulrich"]
[Black "Petras, Milan"]
[Result "0-1"]
[ECO "D12"]
[WhiteElo "1796"]
[BlackElo "1886"]
[Annotator ",martin-koller@seznam"]
[PlyCount "120"]
[TimeControl "240+2"]

{600MB, Fritz10.ctg} 1. d4 d5 2. c4 Bf5 3. Nc3 e6 4. e3 Nf6 5. Nf3 c6 6. Bd3
Bxd3 7. Qxd3 Bd6 8. O-O O-O 9. b3 Nbd7 10. Bb2 Re8 11. Rad1 Qa5 12. a3 dxc4 13.
Qxc4 Rac8 14. b4 Qh5 15. h3 Nd5 16. Qe2 a6 17. Ne4 Bf8 18. Nc5 Rc7 19. Qc2 Ra8
20. Nxd7 Rxd7 21. Ne5 Rdd8 22. Nc4 Bd6 23. Na5 Rab8 24. Rc1 Bc7 25. Nb3 Qg6 26.
Qe2 h5 27. Qf3 Qf5 28. Qxf5 exf5 29. Nc5 Nf6 30. Rfd1 Nd5 31. Nd3 Re8 32. Rc2
f4 33. exf4 Bxf4 34. Bc1 Bc7 35. Re1 Rxe1+ 36. Nxe1 a5 37. Nd3 axb4 38. Nxb4
Nxb4 39. axb4 Bd6 40. Bd2 Ra8 41. Rc1 Ra2 42. Bc3 Ra3 43. Be1 Rb3 44. Rc4 f6
45. h4 Kf7 46. Kf1 Ke6 47. Rc3 Rxc3 48. Bxc3 Kd5 49. Ke2 Kc4 50. Kd2 Bxb4 51.
Bxb4 Kxb4 52. Kd3 b5 53. f3 c5 54. dxc5 Kxc5 55. g4 Kd5 56. Kc3 Ke5 57. Kb4
hxg4 58. fxg4 Kf4 59. g5 fxg5 60. hxg5 Kxg5 0-1

[Event "K11"]
[Site "?"]
[Date "2023.07.26"]
[Round "6"]
[White "Thomasson, Staffan"]
[Black "Schoenmakers, Nico"]
[Result "1-0"]
[ECO "A14"]
[WhiteElo "1740"]
[BlackElo "1839"]
[Annotator ",martin-koller@seznam"]
[PlyCount "115"]
[TimeControl "240+2"]

{600MB, Fritz10.ctg} 1. c4 e6 2. g3 d5 3. Bg2 c6 4. Nf3 Nf6 5. O-O Be7 6. b3
O-O 7. Bb2 a5 8. d4 a4 9. Nbd2 axb3 10. axb3 Rxa1 11. Qxa1 Re8 12. Ne5 Qb6 13.
c5 Qa6 14. Qd1 Qa5 15. Qc2 Nbd7 16. Ra1 Qc7 17. Nd3 Nf8 18. Bc3 Ng6 19. Ra7 Rf8
20. Qa2 Bd8 21. Ra8 Qd7 22. Nf3 Bc7 23. Ba5 Bxa5 24. Qxa5 Qd8 25. Qa7 Nd7 26.
h4 h6 27. h5 Ne7 28. Nfe5 f6 29. Nf3 f5 30. Nf4 Kf7 31. Bh3 g5 32. hxg6+ Nxg6
33. Nxg6 Kxg6 34. Qa2 Qf6 35. Qd2 Kg7 36. Qf4 Qd8 37. Qd6 Nf6 38. Qe5 Kh7 39.
Nh4 Ne4 40. Nxf5 Rxf5 41. Bxf5+ exf5 42. Qb8 Nxg3 43. Qxg3 Qd7 44. Kf1 f4 45.
Qxf4 Qh3+ 46. Ke1 Qc3+ 47. Qd2 Qh3 48. Qd3+ Qxd3 49. exd3 Bf5 50. Rb8 Bxd3 51.
Rxb7+ Kg6 52. Rb6 h5 53. Rxc6+ Kg5 54. Rc8 h4 55. Rg8+ Kf4 56. Rh8 Kg4 57. c6
h3 58. c7 1-0

[Event "K11"]
[Site "?"]
[Date "2023.07.26"]
[Round "6"]
[White "Tesar, Jakub"]
[Black "Spindler, Markus"]
[Result "1-0"]
[ECO "D11"]
[WhiteElo "1888"]
[BlackElo "1885"]
[Annotator ",martin-koller@seznam"]
[PlyCount "119"]
[TimeControl "240+2"]

{600MB, Fritz10.ctg} 1. Nf3 d5 2. g3 c6 3. Bg2 Nf6 4. O-O Bg4 5. d4 e6 6. c4
Bd6 7. Nc3 O-O 8. Bg5 h6 9. Bxf6 Qxf6 10. e4 dxe4 11. Nxe4 Qe7 12. Qb3 Bb4 13.
c5 Na6 14. Qa4 Bxf3 15. Bxf3 e5 16. a3 f5 17. axb4 fxe4 18. Bxe4 exd4 19. Bxc6
Nxb4 20. Qxb4 bxc6 21. Qxd4 Rad8 22. Qc4+ Kh8 23. b4 Rb8 24. Ra4 Qd7 25. Ra3
Qd2 26. Rb3 Rfd8 27. Qa6 Qd5 28. Rbb1 Rd7 29. Qa4 Rdb7 30. Rfe1 Qf3 31. Re3 Qf5
32. Rbb3 Qd5 33. h4 Qd1+ 34. Kg2 Qd5+ 35. Kg1 Qd1+ 36. Kh2 Qd2 37. Rf3 Qd5 38.
Rfd3 Qe4 39. Re3 Qd5 40. Rb2 Qd4 41. Rbe2 Rf7 42. Qxc6 Rxf2+ 43. Rxf2 Qxe3 44.
Rb2 Qd4 45. Qg2 Rxb4 46. Rxb4 Qxb4 47. Qa8+ Kh7 48. Qxa7 Qd2+ 49. Kh3 Qd5 50.
Qe7 h5 51. Kh2 Qd2+ 52. Kg1 Qd1+ 53. Kf2 Qc2+ 54. Ke3 Qc3+ 55. Kf2 Qc2+ 56. Kf1
Qc1+ 57. Ke2 Qc2+ 58. Kf3 Qd3+ 59. Qe3 Qd1+ 60. Ke4 1-0

[Event "M11"]
[Site "?"]
[Date "2023.07.27"]
[Round "7"]
[White "Doring, Robert"]
[Black "Hansch, Torsten"]
[Result "0-1"]
[ECO "B22"]
[WhiteElo "2142"]
[BlackElo "2079"]
[Annotator ",martin-koller@seznam"]
[PlyCount "78"]
[TimeControl "240+2"]

{600MB, Fritz10.ctg} 1. e4 c5 2. c3 Nf6 3. e5 Nd5 4. d4 cxd4 5. Nf3 d6 6. cxd4
Nc6 7. Bc4 Nb6 8. Bb5 dxe5 9. Nxe5 Bd7 10. Bxc6 Bxc6 11. Nxc6 bxc6 12. O-O e6
13. Qf3 Nd5 14. Nc3 Be7 15. Ne4 O-O 16. Rd1 Qb6 17. b3 Rfd8 18. Bg5 Bxg5 19.
Nxg5 Nf6 20. Ne4 Nxe4 21. Qxe4 Rd5 22. Rd3 Rad8 23. Rad1 g6 24. h4 h5 25. Rc1
Rxd4 26. Rxd4 Rxd4 27. Qxc6 Rd1+ 28. Kh2 Rxc1 29. Qxc1 Qxf2 30. Qc8+ Kh7 31.
Qd8 e5 32. Qe7 Qf4+ 33. Kg1 Qd4+ 34. Kh2 Kg7 35. b4 e4 36. a4 e3 37. Kg3 Qg4+
38. Kh2 Qf4+ 39. Kh3 Qf2 0-1

[Event "M11"]
[Site "?"]
[Date "2023.07.27"]
[Round "7"]
[White "Hentzgen, Thomas"]
[Black "Hajek, Zdenek"]
[Result "0-1"]
[ECO "C41"]
[WhiteElo "2004"]
[BlackElo "1994"]
[Annotator ",martin-koller@seznam"]
[PlyCount "74"]
[TimeControl "240+2"]

{600MB, Fritz10.ctg} 1. d4 d6 2. e4 Nf6 3. Nc3 e5 4. Nf3 Nbd7 5. Bc4 Be7 6. O-O
O-O 7. Re1 c6 8. a4 a5 9. h3 Nb6 10. Bb3 exd4 11. Qxd4 Nfd7 12. Be3 Nc5 13. Ba2
Be6 14. Bxe6 fxe6 15. e5 d5 16. Qg4 Nbd7 17. Bh6 Rf7 18. Nd4 Qb6 19. b3 Raf8
20. Kh1 Kh8 21. Bd2 Ne4 22. Nxe4 Qxd4 23. Bc3 Qb6 24. Nd6 Bxd6 25. exd6 Qc5 26.
Bd4 Qxd6 27. Rxe6 Qf4 28. Rae1 Qxg4 29. hxg4 c5 30. Bc3 Rxf2 31. Re7 d4 32.
Rxd7 dxc3 33. Rxb7 Rxc2 34. Rc7 Rd2 35. Rc1 c2 36. Rxc5 Rd1+ 37. Kh2 Rxc1 0-1

[Event "M11"]
[Site "?"]
[Date "2023.07.27"]
[Round "7"]
[White "Hartwig, Maik"]
[Black "Hozda, Max"]
[Result "0-1"]
[ECO "D02"]
[WhiteElo "2040"]
[BlackElo "1986"]
[Annotator ",martin-koller@seznam"]
[PlyCount "115"]
[TimeControl "240+2"]

{600MB, Fritz10.ctg} 1. d4 d5 2. Nf3 Nf6 3. Bf4 c5 4. c3 Nc6 5. e3 Qb6 6. Qb3
c4 7. Qxb6 axb6 8. Na3 Bf5 9. Nb5 Ra5 10. Nc7+ Kd7 11. h3 e6 12. a4 Bc2 13. Ng5
Nd8 14. Be2 Bxa4 15. Bd1 Bxd1 16. Rxa5 bxa5 17. Kxd1 Bd6 18. Bxd6 Kxd6 19. Nb5+
Kc6 20. Na3 b5 21. Nf3 Nd7 22. Kd2 f6 23. g4 e5 24. Nc2 Ne6 25. Nh4 g6 26. Ng2
h5 27. Nh4 Ndf8 28. gxh5 Rxh5 29. Ng2 Ng5 30. Ke2 Rxh3 31. Rxh3 Nxh3 32. f4
exf4 33. exf4 g5 34. Kf3 Nxf4 35. Nxf4 gxf4 36. Kxf4 Kd6 37. Kf5 Nd7 38. Na3 b4
39. Nc2 bxc3 40. bxc3 Ke7 41. Na3 Nb6 42. Nb5 Na4 43. Kf4 Kd7 44. Kf5 Kc6 45.
Na3 Nxc3 46. Kxf6 Nb5 47. Nc2 Kd6 48. Kf5 a4 49. Kf4 Ke6 50. Ke3 a3 51. Na1 Kf5
52. Nc2 a2 53. Na1 Na3 54. Kd2 Ke4 55. Kc3 Nb5+ 56. Kb2 Nxd4 57. Kxa2 Ke3 58.
Ka3 0-1